 Dungeon Crawl Stone Soup version 0.24.0-35-gdb84b6a5db (webtiles) character file.

Game seed: 8895008525704487835, levelgen mode: deterministic

10700 grindst0ne the Blocker (level 11, -3/89 HPs)
             Began as a Mummy Fighter on Nov 18, 2019.
             Was an Initiate of Gozag.
             Splashed by an orc priest's acid (15 damage)
             ... on level 10 of the Dungeon.
             The game lasted 00:26:14 (12172 turns).

grindst0ne the Blocker (Mummy Fighter)             Turns: 12172, Time: 00:26:17

Health: -3/89      AC:  6    Str: 23    XL:     11   Next: 39%
Magic:  22/22      EV:  9    Int:  7    God:    Gozag
Gold:   477        SH: 16    Dex: 12    Spells: 10/10 levels left

rFire    x . .     SeeInvis +   b - +2 dagger (venom)
rCold    + . .     Gourm    .   c - +0 shield
rNeg     + + +     Faith    .   n - +4 ring mail
rPois    ∞         Spirit   .   i - +0 helmet
rElec    .         Reflect  +   y - scarf {cloud immunity}
rCorr    .         Harm     .   (no gloves)
MR       +....                  (no boots)
Stlth    +.........             t - +4 amulet of reflection
HPRegen  0.24/turn              f - ring of see invisible
MPRegen  0.18/turn              m - ring of magical power

@: corroded, gold aura
A: no food or potions, fire vulnerability, cold resistance 1, negative energy
resistance 3, torment resistance, unbreathing
a: Potion Petition, Call Merchant, Bribe Branch, Renounce Religion


You were on level 10 of the Dungeon.
You worshipped Gozag.
Gozag was aware of your devotion.
You were not hungry.

You visited 2 branches of the dungeon, and saw 11 of its levels.

You collected 1997 gold pieces.
You spent 1144 gold pieces at shops.
You paid 376 gold pieces to Gozag.

Inventory:

Hand Weapons
 b - a +2 dagger of venom (weapon)
 u - a +1 war axe of freezing
Missiles
 a - 4 javelins (quivered)
Armour
 c - a +0 shield (worn)
 i - a +0 helmet (worn)
 n - a +4 ring mail (worn)
 y - a scarf of cloud immunity (worn)
Jewellery
 f - a ring of see invisible (left hand)
 m - a ring of magical power (right hand)
 t - a +4 amulet of reflection (around neck)
 z - an uncursed ring of ice
Wands
 g - a wand of disintegration (3)
 v - a wand of paralysis (2)
 w - a wand of iceblast (6)
 x - a wand of enslavement (5)
 A - a wand of clouds (1)
 B - a wand of flame (9)
 D - a wand of digging (5)
Scrolls
 d - 2 scrolls of magic mapping
 e - 11 scrolls of teleportation
 h - 3 scrolls of immolation
 j - 2 scrolls of fear
 k - 2 scrolls of amnesia
 l - 7 scrolls of remove curse
 o - 5 scrolls of blinking
 p - a scroll of enchant armour
 q - 3 scrolls of fog
 r - 2 scrolls of enchant weapon
 s - 4 scrolls of identify
 C - a scroll of vulnerability {unknown}


   Skills:
 - Level 9.0 Fighting
 * Level 9.4 Axes
 - Level 2.4 Armour
 + Level 9.7 Shields
 + Level 3.2 Evocations


You had 10 spell levels left.
You didn't know any spells.
Your spell library contained the following spells:

 Spells                   Type           Power        Failure   Level  Hunger
 Flame Tongue             Conj/Fire      #....        82%         1    N/A
 Magic Dart               Conj           #...         82%         1    N/A
 Searing Ray              Conj           #.....       91%         2    N/A
 Throw Flame              Conj/Fire      #.....       91%         2    N/A
 Conjure Flame            Conj/Fire      #.......     99%         3    N/A
 Dazzling Spray           Conj/Hex       #.....       99%         3    N/A
 Inner Flame              Hex/Fire       #.......     99%         3    N/A
 Force Lance              Conj/Tloc      #.......     100%        4    N/A
 Fulminant Prism          Conj/Hex       #.........   100%        4    N/A
 Iskenderun's Mystic Bla  Conj           #.......     100%        4    N/A
 Sticky Flame             Conj/Fire      #.......     100%        4    N/A
 Fireball                 Conj/Fire      #.........   100%        5    N/A

Dungeon Overview and Level Annotations

Branches:
Dungeon (10/15)            Temple (1/1) D:4
   Lair: D:8-11         Orc: D:9-12

Altars:
Ashenzari
Cheibriados
Dithmenos
Elyvilon
Fedhas
Gozag
Hepliaklqana
Kikubaaqudgha
Makhleb
Nemelex Xobeh
Okawaru
Qazlal
Ru
Trog
Uskayaw
Vehumet
Wu Jian
Xom
Yredelemnul
Zin
The Shining One

Shops:
D:5 *?=:

Annotations:
D:4 exclusion: oklob plant


Innate Abilities, Weirdness & Mutations

You do not eat or drink.
Your flesh is vulnerable to fire.
You are immune to poison.
Your flesh is cold resistant. (rC+)
You are immune to negative energy. (rN+++)
You are immune to unholy pain and torment.
You can survive without breathing.


Message History

You kill the orc wizard!
The orc priest zaps a wand.
The bolt of acid hits you. The acid corrodes you!
You are splashed with acid!
The orc priest zaps a wand.
The bolt of acid misses you.
Things that are here:
5 gold pieces; a +0 dagger; a +0 robe You hit the orc priest but do no damage.
The orc priest is poisoned.
The orc priest casts a cantrip, but nothing happens.
You hit the orc priest.
The orc priest looks as sick as possible!
The orc priest is moderately wounded.
The orc priest hits you.
You hit the orc priest but do no damage.
The orc priest is heavily wounded.
The orc priest zaps a wand.
The bolt of acid hits you!!
* * * LOW HITPOINT WARNING * * *
You are splashed with acid!
You die...
Your body crumbles into a pile of gold.

..y.# ..........##.......#
#..#. ....#
..........##.......###.#..
....#
...................##.....
##.##
#########..#.####.....8.8.
o.5 #..#.# #..##...o. y..
#....####..###.#.. ....
#.#........#.#..#. .....
#.#...###..##.#..#
#@##..###..#.#.#..
#o#........###....
..#...###..###...#
##.#...###..##...#.
###...##...##....#
#....'...#....#.
#....#...#...###
#.#..#...#..#.#
#.#.(#...#.####


You could see an orc priest.

Vanquished Creatures
  Snorg (D:10)
  Erolcha (D:9)
  An ugly thing (D:10)
  A cyclops (D:10)
  A centaur zombie (D:10)
  Psyche (D:9)
  A troll (D:9)
  A queen bee (D:9)
  2 hippogriffs
  Grinder (D:6)
  4 wyverns
  10 yaks (D:10)
  A hornet zombie (D:10)
  A phantom (D:5)
  3 ice beasts
  2 sky beasts (D:5)
  An orc warrior (D:10)
  2 black bears (D:9)
  4 ogres
  2 centaurs
  A big kobold (D:9)
  2 bullfrogs
  A gnoll sergeant (D:8)
  A wyvern skeleton (D:9)
  4 scorpions
  27 killer bees
  2 howler monkeys
  3 bullfrog zombies
  2 crimson imps
  5 hounds
  An orc priest (D:10)
  4 bullfrog skeletons
  A centaur skeleton (D:9)
  18 orc wizards
  Jessica (D:2)
  An iguana (D:10)
  4 worker ants
  A worker ant zombie (D:7)
  11 gnolls
  2 howler monkey skeletons
  14 adders
  A shadow imp (D:10)
  An adder skeleton (D:4)
  4 worms
  5 leopard geckos
  24 orcs
  A ball python (D:1)
  6 giant cockroaches
  4 goblins
  7 hobgoblins
  2 jackals (D:3)
  2 quokkas
  7 bats
  6 frilled lizards
  8 kobolds
  A leopard gecko skeleton (D:5)
  A quokka zombie (D:5)
  13 rats
  A spectral orc (D:9)
241 creatures vanquished.

Vanquished Creatures (others)
  A centaur (D:8)
1 creature vanquished.

Grand Total: 242 creatures vanquished

Notes
Turn   | Place    | Note
-------+----------+-------------------------------------------
     0 | D:1      | grindst0ne the Mummy Fighter began the quest for the Orb.
     0 | D:1      | Reached XP level 1. HP: 18/18 MP: 1/1
   171 | D:1      | Found an iron altar of Okawaru.
   242 | D:1      | Reached XP level 2. HP: 24/24 MP: 2/2
   661 | D:2      | Found a faded altar of an unknown god.
   674 | D:2      | Reached XP level 3. HP: 30/30 MP: 3/3
   822 | D:2      | Noticed Jessica
   846 | D:2      | Killed Jessica
   846 | D:2      | Reached XP level 4. HP: 35/37 MP: 4/4
  1500 | D:3      | Reached XP level 5. HP: 39/43 MP: 5/5
  2237 | D:4      | Found a staircase to the Ecumenical Temple.
  2253 | Temple   | Entered the Ecumenical Temple
  2267 | Temple   | Became a worshipper of Gozag Ym Sagoz the Greedy
  2293 | D:4      | Reached skill level 5 in Fighting
  2435 | D:4      | Found a sacrificial altar of Ru.
  2489 | D:4      | Noticed an ogre
  2516 | D:4      | Killed an ogre
  2516 | D:4      | Reached XP level 6. HP: 31/51 MP: 6/6
  2671 | D:4      | Found a blossoming altar of Fedhas.
  2690 | D:4      | Noticed an oklob plant
  2849 | D:5      | Entered Level 5 of the Dungeon
  2849 | D:5      | Found Raat's Book Emporium.
  3170 | D:5      | Reached skill level 5 in Shields
  3170 | D:5      | Reached XP level 7. HP: 27/58 MP: 7/7
  3539 | D:5      | Found Dyg Qyk's Jewellery Emporium.
  3778 | D:5      | Found Pecw's General Store.
  3795 | D:5      | Reached XP level 8. HP: 67/67 MP: 8/8
  3902 | D:5      | Found Haju's Magic Scroll Boutique.
  3905 | D:5      | Bought 3 scrolls of fog for 66 gold pieces
  3905 | D:5      | Bought a scroll of blinking for 82 gold pieces
  3905 | D:5      | Bought a scroll of enchant weapon for 82 gold pieces
  3905 | D:5      | Bought a scroll of teleportation for 33 gold pieces
  3905 | D:5      | Bought a scroll of fear for 38 gold pieces
  3905 | D:5      | Bought a scroll of teleportation for 33 gold pieces
  4632 | D:6      | Noticed Grinder
  4664 | D:6      | Killed Grinder
  5373 | D:7      | Found a snail-covered altar of Cheibriados.
  5699 | D:5      | Bought a +4 amulet of reflection for 405 gold pieces
  5899 | D:7      | Found a stormy altar of Qazlal.
  5937 | D:7      | Noticed a hippogriff
  5937 | D:7      | Noticed an eight-headed hydra
  6139 | D:8      | Reached XP level 9. HP: 67/75 MP: 9/9
  6720 | D:8      | Found a bloodstained altar of Trog.
  7040 | D:8      | Found an ornate altar of the Wu Jian Council.
  7211 | D:9      | Noticed a queen bee
  7258 | D:9      | Killed a queen bee
  7263 | D:9      | Reached skill level 5 in Axes
  7617 | D:9      | Reached XP level 10. HP: 56/83 MP: 10/10
  7661 | D:9      | HP: 4/83 [troll (13)]
  8378 | D:9      | Noticed Psyche
  8418 | D:9      | Killed Psyche
  8824 | D:9      | Noticed Erolcha
  9179 | D:9      | Killed Erolcha
 10177 | D:5      | Bought a wand of clouds (5) for 405 gold pieces
 10439 | D:10     | Entered Level 10 of the Dungeon
 10617 | D:10     | Reached skill level 1 in Evocations
 10798 | D:9      | Found a basalt altar of Yredelemnul.
 11011 | D:10     | Noticed Snorg
 11076 | D:10     | Killed Snorg
 11076 | D:10     | Reached XP level 11. HP: 46/89 MP: 12/12
 11417 | D:10     | Noticed a purple ugly thing
 11462 | D:10     | Killed a purple ugly thing
 12172 | D:10     | Splashed by an orc priest's acid

Levels and vault maps discovered:
D:1:      wander_arrival_peaceful_grave, layout_loops_ring,
          okawaru_ov_weapons_minmay
D:2:      layout_basic, chequers_ecumenical_altar_simple, uniq_jessica
D:3:      layout_basic, kennysheep_generic_room_5
D:4:      layout_cave_pools, tgw_fedhas, nicolae_ru_sacrificial_ziggurat,
          minmay_temple_entry_waves
D:5:      layout_loops_corners, first_ration, serial_shops,
          nicolae_shop_window_shopping, shop, nicolae_shop_stone,
          nicolae_shop_stone
D:6:      layout_basic, uniq_grinder
D:7:      minmay_blocky_corners, layout_loops_ring, grunt_qazlal_clouds,
          basic_altar, minmay_tree_intersection
D:8:      layout_loops_cross, kennysheep_mini, lemuel_coloured_pillars_altar
D:9:      minmay_flawed_box, layout_basic, yredelemnul_forgotten_temple_becter,
          david_nohive_1, uniq_psyche, uniq_erolcha
D:10:     wad_crossroads, layout_basic, uniq_snorg
Temple:   lightli_temple_of_artemis

Skill      XL: |  1  2  3  4  5  6  7  8  9 10 11 |
---------------+----------------------------------+-----
Shields        | 3 4 5 6 7 8 9 |  9.7
Fighting       | 4 5 6 7 8 9 |  9.0
Axes           | 2 6 8 9 |  9.4
Evocations     | 2 3 |  3.2
Armour         | |  2.4

Action                   |  1- 3 |  4- 6 |  7- 9 | 10-12 || total
-------------------------+-------+-------+-------+-------++-------
Melee: War axe           |    16 |       |    46 |   243 ||   305
       Hand axe          |    54 |   120 |   118 |       ||   292
       Dagger            |       |    58 |   347 |   165 ||   570
Throw: Javelin           |       |       |     4 |     1 ||     5
Invok: Potion Petition   |       |       |       |     2 ||     2
Evoke: Wand              |       |       |     1 |    13 ||    14
  Use: Scroll            |       |     6 |     4 |     4 ||    14
 Stab: Distracted        |       |     1 |     2 |       ||     3
Armor: Scale mail        |    24 |     2 |       |       ||    26
       Chain mail        |       |    61 |       |       ||    61
       Ring mail         |       |    13 |   173 |   110 ||   296
Dodge: Dodged            |    18 |    41 |   138 |   113 ||   310
Block: Shield            |    29 |    84 |   325 |   347 ||   785
       Reflection        |       |       |     7 |     9 ||    16
